 Dungeon Crawl Stone Soup version 0.31-a0-1321-g5021b54cb2 (webtiles) character file.

Game seed: 16301778425589431935

24760 Lobster4 the Zephyrmancer (level 13, -10/94 (96) HPs)
             Began as a Human Air Elementalist on Dec 20, 2023.
             Was a Priest of Vehumet.
             Shot with an arrow by a minotaur (13 damage)
             ... in a Gauntlet.
             The game lasted 01:07:34 (22947 turns).

Lobster4 the Zephyrmancer (Human Air Elementalist) Turns: 22947, Time: 01:07:35

HP:   -10/94 (96)   AC: 11    Str: 10    XL:     13   Next: 15%
MP:   22/25         EV: 18    Int: 19    God:    Vehumet [***...]
Gold: 1376          SH:  5    Dex: 14    Spells: 3/28 levels left

rFire   + . .        c - staff of conjuration
rCold   x . .        (no shield)
rNeg    . . .        f - +0 steam dragon scales
rPois   .            T - +0 helmet
rElec   .            (no cloak)
rCorr   .            M - +2 pair of gloves
SInv    .            (no boots)
Will    +....        s - amulet of reflection
Stlth   ++           e - +5 ring of evasion
HPRegen 0.35/turn    E - ring of Elepp {rF+ rC- Will+}
MPRegen 0.19/turn

%: no teleportation, reflection
@: swift, lightly drained, quick
A: explore regen
a: Renounce Religion


You were in a Gauntlet.
You worshipped Vehumet.
Vehumet was most pleased with you.
You visited 3 branches of the dungeon, and saw 15 of its levels.
You also visited: Sewer, Ossuary, Gauntlet and Volcano.

You collected 1376 gold pieces.

Inventory:

Hand Weapons
 h - a +2 rapier of flaming
 p - a +1 quick blade of flaming
 u - the +1 whip "Fewk" {holy, Int+5 Dex+2 Stlth+}
   (You found it on level 1 of the Lair of Beasts)

   Int+5:     It affects your intelligence (+5).
   Dex+2:     It affects your dexterity (+2).
   Stlth+:    It makes you more stealthy.
 z - a +2 dagger of venom
Missiles
 m - 38 poisoned darts
 W - 5 curare-tipped darts
Armour
 f - +0 steam dragon scales (worn)
 C - a +0 helmet of see invisible
 D - an orb of light
 M - a +2 pair of gloves (worn)
 T - a +0 helmet (worn)
Magical Staves
 c - a staff of conjuration (weapon)
Jewellery
 a - a ring of see invisible
 e - a +5 ring of evasion (left hand)
 n - a ring of flight
 s - an amulet of reflection (around neck)
 B - an amulet of the acrobat
 E - the ring of Elepp (right hand) {rF+ rC- Will+}
   (You found it on level 5 of the Dungeon)

   [ring of protection from fire]

   rF+:       It protects you from fire.
   rC-:       It makes you vulnerable to cold.
   Will+:     It increases your willpower.
 G - a ring of resist corrosion
Wands
 l - a wand of quicksilver (9)
 J - a wand of charming (1)
 K - a wand of digging (6)
 N - a wand of mindburst (16)
 Z - a wand of iceblast (6)
Scrolls
 d - 2 scrolls of teleportation
 k - a scroll of silence
 v - a scroll of brand weapon
 y - 4 scrolls of amnesia
 A - a scroll of revelation
 F - a scroll of enchant armour
 H - a scroll of immolation
 I - a scroll of acquirement
 Q - 2 scrolls of fear
 Y - a scroll of blinking
Potions
 b - 2 potions of magic
 g - a potion of lignification {unknown}
 i - 2 potions of brilliance
 j - 2 potions of mutation {unknown}
 o - 6 potions of might
 q - 9 potions of curing
 r - 4 potions of haste {unknown}
 t - 5 potions of invisibility
 w - a potion of heal wounds
 x - a potion of resistance
 O - a potion of berserk rage
 P - 7 potions of degeneration {unknown}
 R - 4 potions of enlightenment
 U - 3 potions of attraction


   Skills:
 + Level 7.1 Fighting
 + Level 1.3 Short Blades
 - Level 3.0 Staves
 + Level 8.2 Armour
 - Level 3.0 Dodging
 - Level 2.0 Stealth
 + Level 8.1 Spellcasting
 + Level 8.6 Conjurations
 - Level 3.0 Summonings
 - Level 3.0 Fire Magic
 * Level 12.6 Air Magic
 - Level 3.0 Earth Magic
 - Level 3.0 Alchemy
 - Level 3.0 Evocations


You had 3 spell levels left.
You knew the following spells:

 Your Spells              Type           Power      Damage    Failure   Level
a - Shock                 Conj/Air       100%       1d9       1%          1
b - Static Discharge      Conj/Air       100%       3-8/arc   1%          2
c - Airstrike             Air            26%        2d(4-20)  1%          4
d - Stone Arrow           Conj/Erth      88%        3d12      1%          3
e - Mercury Vapours       Alch/Air       74%        N/A       1%          2
f - Plasma Beam           Fire/Air       18%        2x1d30    16%         6
g - Summon Lightning Spi  Summ/Air       37%        N/A       3%          4
s - Swiftness             Air            53%        N/A       1%          3

Your spell library contained the following spells:

 Spells                   Type           Power      Damage    Failure   Level
 Mephitic Cloud           Conj/Alch/Air  55%        N/A       1%          3
 Foxfire                  Conj/Fire      100%       2x1d9     1%          1
 Scorch                   Fire           38%        2d6       1%          2
 Hailstorm                Conj/Ice       36%        3d9       1%          3
 Freeze                   Ice            28%        1d5       2%          1
 Volatile Blastmotes      Fire/Tloc      26%        2d12      4%          3
 Frozen Ramparts          Ice            14%        1d3       7%          3
 Call Canine Familiar     Summ           19%        N/A       8%          3
 Lesser Beckoning         Tloc           14%        N/A       14%         2
 Gell's Gravitas          Tloc           7%         N/A       26%         3
 Sigil of Binding         Hex            7%         N/A       26%         3
 Teleport Other           Tloc           7%         N/A       26%         3
 Flame Wave               Conj/Fire      44%        2d11      2%          4
 Fulminant Prism          Conj/Alch      22%        3d12      2%          4
 Iskenderun's Mystic Bla  Conj/Tloc      36%        2d9       4%          4
 Animate Armour           Summ/Erth      38%        N/A       26%         4
 Leda's Liquefaction      Alch/Erth      9%         N/A       26%         4
 Petrify                  Alch/Erth      19%        N/A       26%         4
 Starburst                Conj/Fire      22%        6d7       30%         6
 Alistair's Intoxication  Alch           12%        N/A       58%         5
 Dimensional Bullseye     Hex/Tloc       3%         N/A       65%         4
 Eringya's Noxious Bog    Alch           9%         4d6       67%         6
 Borgnjor's Vile Clutch   Necr/Erth      6%         N/A       80%         5
 Metabolic Englaciation   Hex/Ice        3%         N/A       94%         5
 Lehudib's Crystal Spear  Conj/Erth      22%        10d6      100%        8


Dungeon Overview and Level Annotations

Branches:
Dungeon (12/15)            Temple (1/1) D:6            Lair (2/5) D:9
 Shoals (0/4) Lair:2       Spider (0/4) Lair:2          Orc (0/2) D:11
  Sewer (visited)         Ossuary (visited)         Volcano (visited)
Gauntlet (1/1)

Altars:
Ashenzari
Cheibriados
Dithmenos
Elyvilon
Fedhas
Gozag
Hepliaklqana
Kikubaaqudgha
Makhleb
Nemelex Xobeh
Okawaru
Qazlal
Ru
Sif Muna
Trog
Uskayaw
Vehumet
Wu Jian
Xom
Yredelemnul
Zin
The Shining One

Shops:
D:12 =

Annotations:
D:7 1 exclusion
D:8 exclusion: two-headed ogre Gauntlet 6 transporters, 3 runed translucent doors, exclusions: obsidian statue and orange crystal statue


Innate Abilities, Weirdness & Mutations

You regain HP and MP as you explore.


Message History

Press: ? - help, Shift-Dir - straight line, f - crimson imp
Aim: a crimson imp (summoned, 60% to hit)
You feel a surge of power!
The zap misses the crimson imp.
The minotaur bellows!
The minotaur shoots an arrow.
The arrow hits you!! The arrow freezes you.
The crimson imp blinks!
Okay, then.
Unknown command.
Okay, then.
Unknown command.
Casting: Shock (safe; 1% risk of failure)
Confirm with . or Enter, or press ? or * to list all spells.
An electric hum fills the air.
The minotaur shoots an arrow.
The arrow hits your lightning spire!!
Your lightning spire is destroyed!
Your lightning spire disappears in a puff of smoke!
Unknown command.
As you read the scroll labelled JALARUY SEDIOR, it crumbles to dust.
The creatures around you are filled with an inner flame!
It was a scroll of immolation.
The crimson imp hits you but does no damage.
As you read the scroll labelled ODASASUZAI, it crumbles to dust.
It is a scroll of enchant armour.
Your +1 pair of gloves glows green for a moment.
The crimson imp blinks!
As you read the scroll labelled ZAMEDD YC YNIG, it crumbles to dust.
It is a scroll of enchant weapon.
Your +0 quick blade of flaming glows red for a moment.
The crimson imp blinks!
As you read the scroll labelled UCIOFI ERI, it crumbles to dust.
Your body is wracked with pain!
The minotaur convulses!
Flame seeps out of the minotaur.
You have identified the last scroll.
k - a scroll of silence It was a scroll of torment.
The minotaur is engulfed in blazing flames.
Flame seeps out of the minotaur.
The minotaur shoots an arrow.
The arrow hits you!!!
* * * LOW HITPOINT WARNING * * *
The arrow freezes you!
You die...

##≈.#..5#.###.#.###..8#.≈##
#≈≈.#..##..##.#.#...#.#.≈≈#
##≈.#.##©.)5#.#.(=©$..#.≈##
##.#########.#########.##
#≈.....................≈#
#≈≈≈#≈≈≈#..∩.⌠.∩..#≈≈≈#≈≈≈#
##≈###≈###.......###≈###≈##
## ################## ##
#......@........
#.⌠.⌠.⌠.©.§.⌠5⌠.
#...............
#####.###.###.## #. .# .#
.. .H .# ##. #. .. #


You could see a minotaur (inner flame), a crimson imp (summoned, inner flame)
and an ufetubus (summoned).

Vanquished Creatures
  A centaur warrior (D:12)
  A hydra (Lair:2)
  2 boulder beetles
  3 two-headed ogres
  Sonja (D:12)
  Lodul (D:12)
  2 lindwurms (Volcano)
  A deep elf pyromancer (D:12)
  A cyclops (D:12)
  2 molten gargoyles (Volcano)
  4 black mambas (Lair:1)
  Jeremiah (D:9)
  5 cane toads (Lair:1)
  An unseen horror (D:12)
  3 efreet (Volcano)
  Psyche (D:12)
  2 komodo dragons
  A troll (D:9)
  A hornet (D:11)
  A raiju (shapeshifter) (D:11)
  2 slime creatures
  2 wraiths (D:12)
  4 yaks (Lair:1)
  4 wyverns
  5 fire elementals (Volcano)
  6 vampire mosquitoes
  2 steam dragons (D:8)
  2 acid dragons
  6 water moccasins
  2 hell hounds (Lair:1)
  2 orc warriors
  2 sky beasts (D:6)
  4 ice beasts
  A black bear (D:6)
  10 wolves
  7 centaurs
  An elf zombie (Ossuary)
  8 ogres
  2 phantoms (D:6)
  4 kobold brigands
  5 bullfrogs
  4 earth elementals (Volcano)
  3 scorpions
  A gnoll sergeant (D:5)
  A small abomination (Gauntlet)
  7 wights
  An elf skeleton (D:8)
  14 killer bees
  7 howler monkeys
  2 electric eels (D:9)
  10 hounds
  3 centaur zombies (Ossuary)
  8 orc priests
  5 jellies
  11 orc wizards
  4 human skeletons (D:8)
  3 iguanas
  2 mummies (Ossuary)
  3 gnolls (D:3)
  10 adders
  11 river rats
  4 shadow imps (Gauntlet)
  3 white imps
  An adder zombie (Ossuary)
  2 dart slugs
  29 orcs
  8 endoplasms
  8 giant cockroaches
  7 goblins
  7 hobgoblins
  21 jackals
  13 quokkas
  10 ball pythons
  5 bats
  3 frilled lizards
  8 hobgoblin zombies (Ossuary)
  2 jackal zombies (Ossuary)
  30 kobolds
  9 kobold zombies (Ossuary)
  An orc skeleton (D:8)
  8 orc zombies (Ossuary)
  23 rats
  A rat zombie (Ossuary)
429 creatures vanquished.

Vanquished Creatures (collateral kills)
  2 wolves (Lair:1)
  A kobold brigand (D:9)
  A hobgoblin zombie (Ossuary)
  4 kobolds (D:9)
  2 kobold zombies (Ossuary)
10 creatures vanquished.

Vanquished Creatures (others)
  A centaur zombie (Ossuary)
  An orc (D:6)
2 creatures vanquished.

Grand Total: 441 creatures vanquished

Notes
Turn   | Place    | Note
-------+----------+-------------------------------------------
     0 | D:1      | Lobster4 the Human Air Elementalist began the quest for the
                  | Orb.
     0 | D:1      | Reached XP level 1. HP: 13/13 MP: 3/3
   291 | D:1      | Reached XP level 2. HP: 19/19 MP: 1/5
   294 | D:1      | Learned a level 2 spell: Static Discharge
  1058 | D:2      | Reached skill level 1 in Armour
  1058 | D:2      | Reached XP level 3. HP: 25/25 MP: 1/6
  1109 | D:2      | Found a broken altar of Ashenzari.
  1668 | D:2      | Reached XP level 4. HP: 31/31 MP: 4/7
  1740 | D:2      | Reached skill level 1 in Fighting
  2203 | D:3      | Identified a scroll of acquirement
  2203 | D:3      | Acquired a staff of conjuration
  2500 | D:3      | Found a white marble altar of Elyvilon.
  2662 | D:3      | Found a basalt altar of Yredelemnul.
  2670 | D:3      | Found a glowing drain.
  2680 | Sewer    | Entered a sewer
  2813 | Sewer    | Reached XP level 5. HP: 35/37 MP: 1/8
  3058 | Sewer    | Noticed a kobold brigand
  3058 | Sewer    | Noticed a kobold brigand
  3062 | Sewer    | Reached skill level 1 in Short Blades
  3064 | Sewer    | Killed a kobold brigand
  3064 | Sewer    | Killed a kobold brigand
  3065 | Sewer    | Reached skill level 1 in Staves
  3065 | Sewer    | Reached skill level 1 in Fire Magic
  3065 | Sewer    | Reached skill level 4 in Air Magic
  3065 | Sewer    | Reached XP level 6. HP: 18/43 MP: 0/9
  3271 | D:3      | Found a hide-covered altar of Uskayaw.
  3533 | D:3      | Found an ancient bone altar of Kikubaaqudgha.
  3701 | D:3      | Found a hazy altar of Hepliaklqana.
  3818 | D:3      | Found a bloodstained altar of Trog.
  4082 | D:4      | Reached XP level 7. HP: 50/50 MP: 3/11
  4350 | D:4      | Learned a level 3 spell: Swiftness
  5335 | D:5      | Entered Level 5 of the Dungeon
  5355 | D:4      | Reached skill level 5 in Air Magic
  5585 | D:4      | Reached XP level 8. HP: 57/57 MP: 3/12
  5890 | D:5      | Identified the ring of Elepp {rF+ rC- Will+}
  6875 | D:5      | Reached skill level 6 in Air Magic
  7301 | D:5      | Learned a level 4 spell: Airstrike
  7838 | D:6      | Reached skill level 1 in Evocations
  7838 | D:6      | Reached XP level 9. HP: 63/63 MP: 11/15
  7995 | D:6      | Reached skill level 7 in Air Magic
  8326 | D:6      | Found a staircase to the Ecumenical Temple.
  8334 | Temple   | Entered the Ecumenical Temple
  9138 | D:7      | Found a shimmering blue altar of Sif Muna.
  9157 | D:7      | Reached skill level 5 in Conjurations
  9419 | D:7      | Reached skill level 5 in Spellcasting
  9419 | D:7      | Reached skill level 8 in Air Magic
  9884 | D:7      | Noticed a boulder beetle
  9968 | D:8      | Reached XP level 10. HP: 70/70 MP: 13/17
 10007 | D:8      | Found a sacrificial altar of Ru.
 10356 | D:8      | Noticed a two-headed ogre
 10443 | D:8      | Found a sand-covered staircase.
 10485 | Ossuary  | Entered an ossuary
 11199 | D:8      | Found a blossoming altar of Fedhas.
 11287 | D:8      | Reached skill level 1 in Summonings
 11436 | D:8      | Reached skill level 5 in Armour
 12141 | D:8      | Found a radiant altar of Vehumet.
 12147 | D:8      | Became a worshipper of Vehumet
 12164 | D:8      | Reached skill level 9 in Air Magic
 13238 | D:9      | Found a staircase to the Lair.
 13459 | D:9      | Reached * piety under Vehumet
 13459 | D:9      | Offered knowledge of Sandblast by Vehumet.
 13555 | D:9      | Learned a level 4 spell: Summon Lightning Spire
 13903 | D:9      | Found a glowing silver altar of Zin.
 14092 | D:9      | Noticed Jeremiah
 14352 | D:10     | Entered Level 10 of the Dungeon
 14391 | D:9      | Reached XP level 11. HP: 55/77 MP: 2/20
 14734 | D:9      | Killed Jeremiah
 15014 | D:10     | Reached skill level 10 in Air Magic
 15412 | D:10     | Got the Codex of Heat
 15750 | D:11     | Noticed a two-headed ogre
 15766 | D:11     | Killed a two-headed ogre
 16371 | D:11     | Noticed a boulder beetle
 16389 | D:11     | Killed a boulder beetle
 16423 | D:11     | Reached skill level 5 in Fighting
 16740 | D:11     | Found a staircase to the Orcish Mines.
 16944 | D:11     | Noticed a two-headed ogre
 16953 | D:11     | Killed a two-headed ogre
 17037 | D:11     | Learned a level 3 spell: Stone Arrow
 17169 | D:12     | Found an opulent altar of Gozag.
 17188 | D:12     | Noticed a boulder beetle
 17204 | D:12     | Killed a boulder beetle
 17407 | D:12     | Noticed a centaur warrior
 17410 | D:12     | Killed a centaur warrior
 17411 | D:12     | Reached skill level 1 in Earth Magic
 17640 | D:12     | Reached skill level 11 in Air Magic
 17755 | D:12     | Noticed Sonja
 17765 | D:12     | Killed Sonja
 17821 | D:12     | Noticed a two-headed ogre
 17821 | D:12     | Noticed a cyclops
 17839 | D:12     | Noticed Lodul
 17843 | D:12     | Killed Lodul
 17844 | D:12     | Reached XP level 12. HP: 86/86 MP: 5/22
 18063 | D:12     | Killed a two-headed ogre
 18345 | D:12     | Offered knowledge of Mercury Vapours by Vehumet.
 18349 | D:12     | Learned a level 2 spell: Mercury Vapours
 18421 | D:12     | Reached ** piety under Vehumet
 18513 | D:12     | Found Valushok's Jewellery Boutique.
 18710 | D:12     | Noticed Psyche
 18713 | D:12     | Killed Psyche
 19371 | Lair:1   | Entered Level 1 of the Lair of Beasts
 19374 | Lair:1   | Reached skill level 1 in Alchemy
 19758 | Lair:1   | Identified the +1 whip "Fewk" {holy, Int+5 Dex+2 Stlth+}
 19796 | Lair:1   | Found a dark tunnel.
 19813 | Lair:1   | Reached skill level 12 in Air Magic
 19821 | Volcano  | Entered a volcano
 19878 | Volcano  | Offered knowledge of Mephitic Cloud by Vehumet.
 21317 | Volcano  | Reached XP level 13. HP: 83/95 MP: 4/24
 21433 | Volcano  | Reached *** piety under Vehumet
 22521 | Lair:2   | Found a gate leading to a gauntlet.
 22530 | Gauntlet | Entered a Gauntlet
 22530 | Gauntlet | Found a transporter.
 22530 | Gauntlet | Found a transporter.
 22540 | Gauntlet | Found a transporter.
 22544 | Gauntlet | Found a transporter.
 22552 | Gauntlet | Found a transporter.
 22556 | Gauntlet | Found a transporter.
 22565 | Gauntlet | Found a transporter.
 22580 | Gauntlet | Found a transporter.
 22594 | Gauntlet | Found a transporter.
 22598 | Gauntlet | Found a transporter.
 22600 | Gauntlet | Found a runed translucent gate.
 22600 | Gauntlet | Found a runed translucent gate.
 22600 | Gauntlet | Found a runed translucent gate.
 22606 | Gauntlet | Found a transporter.
 22610 | Gauntlet | Found a transporter.
 22655 | Gauntlet | Learned a level 6 spell: Plasma Beam
 22940 | Gauntlet | Noticed a minotaur
 22947 | Gauntlet | HP: 3/94 [minotaur/arrow (36)]
 22947 | Gauntlet | Shot with an arrow by a minotaur

Illustrated notes

Levels and vault maps discovered:
D:1:      mrwooster_arrival_arrow, layout_loops_ring
D:2:      layout_basic, basic_altar, reono_crystal_passage
D:3:      layout_rooms, kennysheep_ying_yang,
          mainiacjoe_overflow_six_doors_small, nicolae_hepliaklqana_hazy_memory,
          nicolae_uskayaw_murder_on_the_dancefloor, trog_book,
          portal_sewer_entry_b
D:4:      layout_cave_pools, serial_column_ruins, column_ruins_open_tiny,
          column_ruins_columns_straight, column_ruins_columns_straight,
          column_ruins_grid_4, column_ruins_grid_1
D:5:      lemuel_ratsnest, layout_basic, st_stairs_11
D:6:      layout_basic, minmay_temple_entry_drinking_statues
D:7:      layout_cave_pools, mainiacjoe_overflow_tiny_flanked,
          lightli_corner_chamber
D:8:      layout_basic, vehumet_crystals, fedhas_altar_2,
          nicolae_ru_great_annihilating_truth, nicolae_ossuary_entry_catacombs
D:9:      layout_stronghold, zin_scriptorium, erik_lair_island, uniq_jeremiah
D:10:     layout_rooms
D:11:     layout_grid_maze, orc_0_dummy, serial_glass, glass_columns_a,
          glass_columns_b
D:12:     layout_roguey, serial_shops, shop, grunt_decor_clamped,
          nicolae_gozag_cash_rules_everything_around_me, uniq_psyche,
          uniq_sonja, uniq_lodul
Temple:   minmay_freezing_vapour_temple
Lair:1:   layout_misc_corridors, enter_volcano_3, grunt_megastairs_2
Lair:2:   layout_concentric_octagons, elwin_shoals_entry_rooms,
          spider_nest_entry_a, gauntlet_entry_generic
Gauntlet: minmay_gauntlet_77_indecision [minmay_gauntlet_arena_77_mirror,
          minmay_gauntlet_arena_77_mess, minmay_gauntlet_arena_77_squiggly,
          minmay_gauntlet_arena_77_run_for_it, minmay_gauntlet_arena_77_fan,
          minmay_gauntlet_arena_77_broken_ladder, gauntlet_exit_hidden_loot]

Skill      XL: |  1  2  3  4  5  6  7  8  9 10 11 12 13 |
---------------+----------------------------------------+-----
Armour         | 1 2 3 4 5 7 8 |  8.2
Fighting       | 1 2 3 4 5 6 7 |  7.1
Short Blades   | 1 |  1.3
Staves         | 1 2 3 |  3.0
Conjurations   | 2 3 4 5 6 7 8 |  8.6
Fire Magic     | 1 2 3 |  3.0
Air Magic      | 4 5 6 8 9 11 12 | 12.6
Dodging        | 3 |  3.0
Spellcasting   | 3 4 5 6 7 8 |  8.1
Evocations     | 1 3 |  3.0
Summonings     | 3 |  3.0
Earth Magic    | 2 3 |  3.0
Alchemy        | 3 |  3.0
Stealth        | |  2.0

Action                     |  1- 3 |  4- 6 |  7- 9 | 10-12 | 13-15 || total
---------------------------+-------+-------+-------+-------+-------++-------
  Melee: Dagger            |     7 |       |     6 |       |       ||    13
         Short sword       |     9 |       |       |       |       ||     9
         Staff             |       |    11 |       |    42 |       ||    53
         Quick blade       |       |       |    12 |       |       ||    12
         Punch             |       |       |       |     2 |       ||     2
  Throw: Dart              |       |       |       |    15 |       ||    15
   Cast: Shock             |    65 |   108 |   366 |   187 |    22 ||   748
         Static Discharge  |       |     7 |     6 |    39 |    18 ||    70
         Airstrike         |       |       |       |   240 |    16 ||   256
         Summon Lightning  |       |       |       |     4 |     2 ||     6
         Swiftness         |       |       |       |     1 |     1 ||     2
         Stone Arrow       |       |       |       |       |     3 ||     3
         Mercury Vapours   |       |       |       |       |     1 ||     1
         Plasma Beam       |       |       |       |       |     1 ||     1
  Evoke: Wand              |       |       |    25 |    13 |     1 ||    39
    Use: Scroll            |       |     6 |     5 |    11 |     7 ||    29
         Potion            |       |       |       |     4 |       ||     4
 Armour: Robe              |     5 |    25 |    24 |       |       ||    54
         Leather armour    |       |       |    52 |    51 |       ||   103
         Steam dragon scal |       |       |       |   116 |    55 ||   171
  Dodge: Dodged            |    26 |    39 |   100 |   153 |    25 ||   343
  Block: Other             |       |    17 |    28 |    35 |     9 ||    89
         Reflection        |       |       |     3 |     5 |       ||     8

Table legend: (Time is in decaauts)
 A = Elapsed time spent in this place.
 B = Non-inter-level travel time spent in this place.
 C = Inter-level travel time spent in this place.
 D = Time resting spent in this place.
 E = Time spent auto-exploring this place.
 F = Levels seen in this place.
 G = Mean time per level.
                   A        B        C        D        E       F      G
               +--------+--------+--------+--------+--------+-----+--------+
         Total |  22984 |  22040 |    944 |   5655 |  12689 |  19 | 1209.7 |
       Dungeon |  18300 |  17397 |    903 |   3339 |  11447 |  12 | 1525.0 |
        Temple |      1 |      1 |      0 |      0 |      0 |   1 |    1.0 |
          Lair |   1307 |   1266 |     41 |    426 |    428 |   2 |  653.5 |
         Sewer |    513 |    513 |      0 |    155 |    260 |   1 |  513.0 |
       Ossuary |    604 |    604 |      0 |    111 |    341 |   1 |  604.0 |
       Volcano |   1843 |   1843 |      0 |   1396 |    121 |   1 | 1843.0 |
      Gauntlet |    412 |    412 |      0 |    228 |     92 |   1 |  412.0 |
               +--------+--------+--------+--------+--------+-----+--------+

Top non-repeatable levels by time:
     D:9: 2425 daAuts
    D:11: 2072 daAuts
 Volcano: 1843 daAuts
     D:8: 1798 daAuts
    D:12: 1777 daAuts
     D:5: 1774 daAuts
     D:4: 1701 daAuts
     D:6: 1614 daAuts
     D:3: 1329 daAuts
     D:2: 1176 daAuts
  Lair:1: 1166 daAuts
     D:1: 1010 daAuts
     D:7: 821 daAuts
    D:10: 796 daAuts
 Ossuary: 604 daAuts
